 Dungeon Crawl Stone Soup version 0.31-a0-609-g7bf6ffcfed (webtiles) character file.

Game seed: 1275190685964859824

56 subawu the Conjurer (level 4, -3/12 (29) HPs)
             Began as a Meteoran Reaver on Aug 18, 2023.
             Killed from afar by an orc wizard (7 damage)
             ... with a magic dart
             ... on level 3 of the Dungeon on Aug 21, 2023.
             The game lasted 00:06:02 (1034 turns).

subawu the Conjurer (Meteoran Reaver)               Turns: 1034, Time: 00:06:03

HP:   -3/12 (29)    AC:  4    Str: 13    XL:     4   Next: 37%
MP:   16/19         EV: 12    Int: 15    God:
Gold: 40            SH:  0    Dex: 14    Spells: 8/9 levels left

rFire   . . .        a - +0 short sword
rCold   . . .        (no shield)
rNeg    . . .        b - +0 leather armour
rPois   .            i - +0 helmet
rElec   .            (no cloak)
rCorr   .            (no gloves)
SInv    .            (no boots)
Will    .....        (no amulet)
Stlth   +            k - ring of magical power
HPRegen 0.22/turn    (no ring)
MPRegen 0.16/turn

%: no passive effects
@: confused, glowing, extremely drained
A: sense surroundings 1, otherworldly, glowing, explore regen
a: no special abilities


You were on level 3 of the Dungeon.
You visited 1 branch of the dungeon, and saw 3 of its levels.

You collected 40 gold pieces.

Inventory:

Hand Weapons
 a - a +0 short sword (weapon)
 c - a +0 short sword
 d - a +0 mace
Armour
 b - a +0 leather armour (worn)
 i - a +0 helmet (worn)
Magical Staves
 l - a staff of fire
Jewellery
 k - a ring of magical power (left hand)
Scrolls
 e - a scroll of fear {unknown}
 g - a scroll of fog {unknown}
Potions
 f - 2 potions of curing {unknown}
 h - a potion of attraction {unknown}
 j - a potion of cancellation {unknown}
 m - a potion of brilliance {unknown}


   Skills:
 + Level 2.7 Fighting
 + Level 3.7 Short Blades
 + Level 2.7 Dodging
 + Level 3.3 Spellcasting
 + Level 4.1 Conjurations


You had 8 spell levels left.
You knew the following spells:

 Your Spells              Type           Power      Damage    Failure   Level
a - Kiss of Death         Conj/Necr      32%        2d7       11%         1

Your spell library contained the following spells:

 Spells                   Type           Power      Damage    Failure   Level
 Momentum Strike          Conj/Tloc      16%        3d8       16%         2
 Hailstorm                Conj/Ice       8%         3d4       32%         3
 Summon Ice Beast         Ice/Summ       2%         N/A       94%         4
 Simulacrum               Ice/Necr       1%         N/A       100%        6


Dungeon Overview and Level Annotations

Branches:
Dungeon (3/15) Zot: 973

Altars:

Annotations:
D:3 3 runed translucent doors, cforsyth's ghost, amateur GnAr


Innate Abilities, Weirdness & Mutations

You passively map a small area around you.
You are easily found by Zot.
You glow in the dark.
You regain HP and MP as you explore.


Message History

Press: ? - help, Shift-Dir - straight line, f - orc
Aim: an orc, wielding a +0 whip (100% to hit)
The negative energy hits the orc!
The orc is drained!
You kill the orc!
You feel drained.
An orc wizard comes into view. It is wielding a +0 dagger.
The orc wizard shouts!
You hear a shout! x2
The orc wizard gestures wildly while chanting.
The orc wizard flickers and vanishes!
Deactivating autopickup; reactivate with Ctrl-A.
Items here: )) ††.
An orc wizard comes into view. It is wielding a +0 dagger.
The orc wizard mumbles some strange words.
The orc wizard flickers and vanishes!
Something hits you but does no damage.
An orc comes into view. It is wielding a +0 club.
Unknown command.
Casting: Kiss of Death (safe; 11% risk of failure)
Confirm with . or Enter, or press ? or * to list all spells.
Aiming: Kiss of Death (safe; 11% risk of failure)
Press: ? - help, Shift-Dir - straight line The negative energy hits something!
Reactivating autopickup.
You feel a bit more experienced.
You feel drained.
You have reached level 4!
You start waiting.
An orc is nearby!
Deactivating autopickup; reactivate with Ctrl-A.
You barely miss something.
You hear some strange, mumbled words.
You are confused.
You're too confused to cast spells.
Sorry, you're not good enough to have a special ability.
Unknown command.
You closely miss something.
You're too confused to cast spells.
Sorry, you're not good enough to have a special ability.
A magic dart appears from out of thin air!
The magic dart hits you!
Ouch! That really hurt!
You die...

, ,
....####.#####.. ,
*,,
,,............... ,
, ........#####.# ,
,#####.###...####.#
* *
#................#
,
#.###.###...####.#
#.# #.# ##.## #.# ,
, #)#
#.####.#####.. ,
#@# #.............
, ,#.#
######..#.#### * *
#{# #..#.# , ,* ,
.o# #..#.# , * .###
#..#.# .. * *
#..#.# * *#. ...#..
, , .., **##.##.*
## *** *


You could see an orc.

Vanquished Creatures
  An orc wizard (D:3)
  An adder (D:2)
  2 orcs (D:3)
  5 ball pythons
  A hobgoblin (D:2)
  A quokka (D:1)
  3 bats (D:1)
  2 frilled lizards (D:1)
  5 kobolds
  2 rats
23 creatures vanquished.

Notes
Turn   | Place    | Note
-------+----------+-------------------------------------------
     0 | D:1      | subawu the Meteoran Reaver began the quest for the Orb.
     0 | D:1      | Reached XP level 1. HP: 17/17 MP: 5/5
   108 | D:1      | Reached XP level 2. HP: 21/21 MP: 4/6
   322 | D:1      | Upgraded the game from 0.31-a0-574-g69dc8cc98e to
                  | 0.31-a0-609-g7bf6ffcfed
   502 | D:1      | Glimpsed the power of Zot.
   552 | D:1      | Glimpsed the power of Zot.
   592 | D:1      | Glimpsed the power of Zot.
   602 | D:1      | Touched by the power of Zot (MHP 14 -> 7)
   704 | D:1      | Glimpsed the power of Zot.
   754 | D:1      | Glimpsed the power of Zot.
   785 | D:2      | Reached XP level 3. HP: 9/15 MP: 8/8
   799 | D:2      | Found a faded altar of an unknown god.
   946 | D:3      | Found a runed translucent gate.
   947 | D:3      | Found a runed translucent gate.
   947 | D:3      | Found a runed translucent gate.
   947 | D:3      | Noticed cforsyth's ghost (amateur GnAr)
   956 | D:3      | Reached skill level 4 in Conjurations
  1032 | D:3      | Reached XP level 4. HP: 3/12 MP: 10/10
  1034 | D:3      | Killed from afar by an orc wizard

Illustrated notes

Levels and vault maps discovered:
D:1:      dpeg_chamrin_arrival_tetris, layout_basic
D:2:      layout_loops_ring, shapermc_ecumenical_altar_venn, serial_shops,
          nicolae_shop_bloodbath_and_beyond, chequers_serial_rivers_room_a
D:3:      layout_loops_ring, bloody_makhleb, gammafunk_ghost_split,
          nicolae_nh_oracle_at_delphi

Skill      XL: |  1  2  3 |
---------------+----------+-----
Spellcasting   | 3 |  3.3
Conjurations   | 4 |  4.1
Fighting       | |  2.7
Short Blades   | |  3.7
Dodging        | |  2.7

Action                     |  1- 3 |  4- 6 || total
---------------------------+-------+-------++-------
  Melee: Short sword       |    42 |     2 ||    44
         Punch             |     1 |       ||     1
   Cast: Kiss of Death     |     7 |       ||     7
 Armour: Leather armour    |    18 |       ||    18
  Dodge: Dodged            |    53 |       ||    53

Table legend: (Time is in decaauts)
 A = Elapsed time spent in this place.
 B = Non-inter-level travel time spent in this place.
 C = Inter-level travel time spent in this place.
 D = Time resting spent in this place.
 E = Time spent auto-exploring this place.
 F = Levels seen in this place.
 G = Mean time per level.
                   A        B        C        D        E       F      G
               +--------+--------+--------+--------+--------+-----+--------+
         Total |   1025 |    794 |    231 |     47 |      0 |   3 |  341.7 |
       Dungeon |   1025 |    794 |    231 |     47 |      0 |   3 |  341.7 |
               +--------+--------+--------+--------+--------+-----+--------+

Top non-repeatable levels by time:
     D:1: 756 daAuts
     D:2: 135 daAuts
     D:3: 134 daAuts
